| TOP OF THE 1ST |
|
Winston-Salem Spirits batting - Pitching for Greensboro Hornets : RHP Octavio Avila
|
|
Pitching: RHP Octavio Avila
|
|
|
Batting: RHB Guadalupe Garcia
|
0-0: Called Strike 0-1: Ball 1-1: Ground out 6-3 (Groundball, 6, EV 105.0 MPH)
|
|
Batting: RHB Carlos Rios
|
0-0: Called Strike 0-1: Called Strike 0-2: Ground out 6-3 (Groundball, 6M, EV 89.4 MPH)
|
|
Batting: RHB Chuckie Canady
|
0-0: Ball 1-0: Called Strike 1-1: SINGLE (Line Drive, 7LS, EV 100.6 MPH)
|
|
Batting: RHB William Lockwood
|
0-0: Foul Ball, location: 2F 0-1: Ball 1-1: Fielders Choice at 2nd, 6-4 (Groundball, 6, EV 83.8 MPH)
|
| Top of the 1st over - 0 runs, 1 hit, 0 errors, 1 left on base; Winston-Salem 0 - Greensboro 0 |
| BOTTOM OF THE 1ST |
|
Greensboro Hornets batting - Pitching for Winston-Salem Spirits : RHP Charlie Puleo
|
|
Pitching: RHP Charlie Puleo
|
|
|
Batting: RHB Douglas Foster
|
0-0: Called Strike 0-1: Ball 1-1: Ball 2-1: Foul Ball, location: 2F 2-2: Ball 3-2: Base on Balls
|
|
Batting: RHB Johnny Evans
|
0-0: Ball 1-0: Ball 2-0: Called Strike 2-1: Ball 3-1: Called Strike 3-2: Grounds into double play, 4-6-3 (Groundball, 34, EV 82.5 MPH)
|
|
Batting: RHB Joe Citari
|
0-0: Foul Ball, location: 2F 0-1: Ball 1-1: Called Strike 1-2: Strikes out swinging
|
| Bottom of the 1st over - 0 runs, 0 hits, 0 errors, 0 left on base; Winston-Salem 0 - Greensboro 0 |
| TOP OF THE 2ND |
|
Winston-Salem Spirits batting - Pitching for Greensboro Hornets : RHP Octavio Avila
|
|
Batting: RHB Jeffrey Smith
|
0-0: DOUBLE (Groundball, 5L, EV 99.4 MPH)
|
|
Batting: SHB Danny Torres
|
0-0: Called Strike 0-1: Ball 1-1: Foul Ball, location: 2F 1-2: Ball 2-2: Ball 3-2: Ground out 4-3 (Groundball, 4M, EV 78.1 MPH) Jeffrey Smith to third
|
|
Batting: RHB Craig Walck
|
0-0: Ball 1-0: Ball 2-0: Foul Ball, location: 2F 2-1: Ball 3-1: Fly out, F8 (Line Drive, 8RD, EV 95.0 MPH) Runner from 3rd tags up, SCORES, throw by CF
|
|
Batting: RHB Angelo Ross
|
0-0: Swinging Strike 0-1: Ball 1-1: Ball 2-1: Ball 3-1: Foul Ball, location: 2F 3-2: Base on Balls
|
|
Batting: RHB Christopher Hudson
|
0-0: Called Strike 0-1: Ball 1-1: Foul Ball, location: 2F 1-2: SINGLE (Groundball, 4MD, EV 100.6 MPH) Angelo Ross to second
|
|
Batting: RHB Guadalupe Garcia
|
0-0: Fielders Choice at 2nd, 6-4 (Groundball, 6, EV 81.9 MPH)
|
| Top of the 2nd over - 1 run, 2 hits, 0 errors, 2 left on base; Winston-Salem 1 - Greensboro 0 |
| BOTTOM OF THE 2ND |
|
Greensboro Hornets batting - Pitching for Winston-Salem Spirits : RHP Charlie Puleo
|
|
Batting: LHB John Hughes
|
0-0: Ball 1-0: Swinging Strike 1-1: Called Strike 1-2: Ball 2-2: Foul Ball, location: 2F 2-2: Ball 3-2: Ground out U3 (Groundball, 3L, EV 102.5 MPH)
|
|
Batting: LHB Stephen DeMatties
|
0-0: Called Strike 0-1: Called Strike 0-2: Strikes out swinging
|
|
Batting: RHB Lindon Duncan
|
0-0: Ball 1-0: Ball 2-0: Foul Ball, location: 2F 2-1: Ball 3-1: Base on Balls
|
|
Batting: RHB Jim Bishop
|
0-0: Ball 1-0: Foul Ball, location: 2F 1-1: Ball 2-1: Swinging Strike 2-2: Foul Ball, location: 2F 2-2: Strikes out swinging
|
| Bottom of the 2nd over - 0 runs, 0 hits, 0 errors, 1 left on base; Winston-Salem 1 - Greensboro 0 |
| TOP OF THE 3RD |
|
Winston-Salem Spirits batting - Pitching for Greensboro Hornets : RHP Octavio Avila
|
|
Batting: RHB Carlos Rios
|
0-0: Ball 1-0: Called Strike 1-1: Foul Ball, location: 2F 1-2: SINGLE (Line Drive, 9S, EV 108.8 MPH)
|
|
Batting: RHB Chuckie Canady
|
0-0: Ball 1-0: Ball 2-0: Swinging Strike 2-1: Ball 3-1: Foul Ball, location: 2F 3-2: Strikes out swinging
|
|
Batting: RHB William Lockwood
|
0-0: Ball 1-0: Ball 2-0: Swinging Strike 2-1: Called Strike 2-2: Strikes out looking
|
|
Batting: RHB Jeffrey Smith
|
0-0: Ball 1-0: Called Strike 1-1: Fielders Choice at 2nd, 6-4 (Groundball, 4M, EV 90.6 MPH)
|
| Top of the 3rd over - 0 runs, 1 hit, 0 errors, 1 left on base; Winston-Salem 1 - Greensboro 0 |
| BOTTOM OF THE 3RD |
|
Greensboro Hornets batting - Pitching for Winston-Salem Spirits : RHP Charlie Puleo
|
|
Batting: RHB John Lohse
|
0-0: Called Strike 0-1: Ground out 6-3 (Groundball, 6, EV 90.6 MPH)
|
|
Batting: RHB Jay Greb
|
0-0: Ball 1-0: Foul Ball, location: 2F 1-1: Ball 2-1: SINGLE (Line Drive, 4MD, EV 95.0 MPH)
|
|
Batting: RHB Douglas Foster
|
0-0: Ball 1-0: Ball 2-0: Ball 3-0: Called Strike 3-1: DOUBLE (Groundball, 3L, EV 95.0 MPH) Jay Greb to third
|
|
Batting: RHB Johnny Evans
|
0-0: Ball 1-0: Called Strike 1-1: DOUBLE (Line Drive, 3D, EV 106.9 MPH) Jay Greb scores Douglas Foster scores
|
|
Batting: RHB Joe Citari
|
0-0: Ball 1-0: SINGLE (Groundball, 56D, EV 98.8 MPH) Johnny Evans to third
|
|
Batting: LHB John Hughes
|
0-0: Foul Ball, location: 2F 0-1: Foul Ball, location: 2F 0-2: Ball 1-2: Strikes out swinging
|
|
Batting: LHB Stephen DeMatties
|
0-0: Ball 1-0: Called Strike 1-1: Swinging Strike 1-2: Ball 2-2: Ball 3-2: Ground out 1-3 (Groundball, 13S, EV 73.1 MPH)
|
| Bottom of the 3rd over - 2 runs, 4 hits, 0 errors, 2 left on base; Winston-Salem 1 - Greensboro 2 |
| TOP OF THE 4TH |
|
Winston-Salem Spirits batting - Pitching for Greensboro Hornets : RHP Octavio Avila
|
|
Batting: SHB Danny Torres
|
0-0: Ground out 4-3 (Groundball, 4, EV 85.6 MPH)
|
|
Batting: RHB Craig Walck
|
0-0: Ground out 3-1 (Groundball, 34, EV 100.0 MPH)
|
|
Batting: RHB Angelo Ross
|
0-0: Foul Ball, location: 2F 0-1: Ball 1-1: Swinging Strike 1-2: Strikes out swinging
|
| Top of the 4th over - 0 runs, 0 hits, 0 errors, 0 left on base; Winston-Salem 1 - Greensboro 2 |
| BOTTOM OF THE 4TH |
|
Greensboro Hornets batting - Pitching for Winston-Salem Spirits : RHP Charlie Puleo
|
|
Batting: RHB Lindon Duncan
|
0-0: Ground out 5-3 (Groundball, 56, EV 93.1 MPH)
|
|
Batting: RHB Jim Bishop
|
0-0: Foul Ball, location: 2F 0-1: Ball 1-1: Ball 2-1: SINGLE (Groundball, 3S, EV 64.4 MPH) (infield hit)
|
|
Batting: RHB John Lohse
|
0-0: Ball 1-0: Called Strike 1-1: Called Strike 1-2: Ball 2-2: Ball 3-2: SINGLE (Groundball, 56D, EV 99.4 MPH) Jim Bishop to second
|
|
Batting: RHB Jay Greb
|
0-0: Ball 1-0: Foul Ball, location: 2F 1-1: SINGLE (Groundball, 56, EV 80.0 MPH) (infield hit) Jim Bishop to third John Lohse to second
|
|
Batting: RHB Douglas Foster
|
0-0: Swinging Strike 0-1: Ball 1-1: Ball 2-1: Called Strike 2-2: Foul Ball, location: 2F 2-2: Foul Ball, location: 2F 2-2: Strikes out swinging
|
|
Batting: RHB Johnny Evans
|
0-0: Called Strike 0-1: Fly out, F2 (Popup, 2LF, EV 87.5 MPH)
|
| Bottom of the 4th over - 0 runs, 3 hits, 0 errors, 3 left on base; Winston-Salem 1 - Greensboro 2 |
| TOP OF THE 5TH |
|
Winston-Salem Spirits batting - Pitching for Greensboro Hornets : RHP Octavio Avila
|
|
Batting: RHB Christopher Hudson
|
0-0: Ball 1-0: Called Strike 1-1: Foul Ball, location: 2F 1-2: Strikes out swinging
|
|
Batting: RHB Guadalupe Garcia
|
0-0: Called Strike 0-1: Ball 1-1: Foul Ball, location: 2F 1-2: Ball 2-2: Ground out 6-3 (Groundball, 6, EV 105.6 MPH)
|
|
Batting: RHB Carlos Rios
|
0-0: Ball 1-0: SOLO HOME RUN (Flyball, 7LD, EV 102.5 MPH), Distance : 354 ft
|
|
Batting: RHB Chuckie Canady
|
0-0: Ball 1-0: Called Strike 1-1: Foul Ball, location: 2F 1-2: Ball 2-2: Foul Ball, location: 2F 2-2: Strikes out swinging
|
| Top of the 5th over - 1 run, 1 hit, 0 errors, 0 left on base; Winston-Salem 2 - Greensboro 2 |
| BOTTOM OF THE 5TH |
|
Greensboro Hornets batting - Pitching for Winston-Salem Spirits : RHP Charlie Puleo
|
|
Batting: RHB Joe Citari
|
0-0: Ball 1-0: Called Strike 1-1: SINGLE (Groundball, 6D, EV 101.9 MPH)
|
|
Batting: LHB John Hughes
|
0-0: Ball 1-0: Called Strike 1-1: Swinging Strike 1-2: Ball 2-2: Strikes out swinging
|
|
Batting: LHB Stephen DeMatties
|
0-0: Called Strike 0-1: Foul Ball, location: 2F 0-2: Ball 1-2: Ball 2-2: Foul Ball, location: 2F 2-2: Ball 3-2: Base on Balls Joe Citari to second
|
|
Batting: RHB Lindon Duncan
|
0-0: Foul Ball, location: 2F 0-1: Ball 1-1: Ball 2-1: Ball 3-1: Base on Balls Joe Citari to third Stephen DeMatties to second
|
|
Batting: RHB Jim Bishop
|
0-0: Ball 1-0: Called Strike 1-1: Ball 2-1: SINGLE (Groundball, 34, EV 99.4 MPH) Joe Citari scores Stephen DeMatties to third Lindon Duncan to second Runner from 3rd tries for Home, SAFE, throw by RF to home
|
|
Batting: RHB John Lohse
|
0-0: Ball 1-0: Foul Ball, location: 2F 1-1: Swinging Strike 1-2: Foul Ball, location: 2F 1-2: Ball 2-2: Ball 3-2: Foul Ball, location: 2F 3-2: Foul Ball, location: 2F 3-2: Foul Ball, location: 2F 3-2: Base on Balls Lindon Duncan to third Jim Bishop to second
|
|
Batting: RHB Jay Greb
|
0-0: Called Strike 0-1: Called Strike 0-2: Foul Ball, location: 2F 0-2: Ball 1-2: SINGLE (Groundball, 56, EV 95.0 MPH) Lindon Duncan scores Jim Bishop to third John Lohse to second
|
|
Pitching: LHP Michael Yesenchak
|
|
|
Batting: RHB Douglas Foster
|
0-0: Called Strike 0-1: Ball 1-1: Ball 2-1: Swinging Strike 2-2: Strikes out swinging
|
|
Batting: RHB Johnny Evans
|
0-0: Fielders Choice at 2nd, 5-4 (Groundball, 5, EV 82.5 MPH)
|
| Bottom of the 5th over - 3 runs, 3 hits, 0 errors, 3 left on base; Winston-Salem 2 - Greensboro 5 |
| TOP OF THE 6TH |
|
Winston-Salem Spirits batting - Pitching for Greensboro Hornets : RHP Octavio Avila
|
|
Batting: RHB William Lockwood
|
0-0: Ground out 4-3 (Groundball, 4, EV 110.0 MPH)
|
|
Batting: RHB Jeffrey Smith
|
0-0: Ball 1-0: Ground out 1-3 (Groundball, 13, EV 73.1 MPH)
|
|
Batting: SHB Danny Torres
|
0-0: Called Strike 0-1: Ball 1-1: Foul Ball, location: 2F 1-2: Fly out, F8 (Flyball, 8LM, EV 83.8 MPH)
|
| Top of the 6th over - 0 runs, 0 hits, 0 errors, 0 left on base; Winston-Salem 2 - Greensboro 5 |
| BOTTOM OF THE 6TH |
|
Greensboro Hornets batting - Pitching for Winston-Salem Spirits : LHP Michael Yesenchak
|
|
Batting: RHB Joe Citari
|
0-0: Swinging Strike 0-1: Ball 1-1: Foul Ball, location: 2F 1-2: Fly out, F7 (Flyball, 7, EV 94.4 MPH)
|
|
Batting: LHB John Hughes
|
0-0: Called Strike 0-1: Ball 1-1: Ground out 4-3 (Groundball, 4D, EV 109.4 MPH)
|
|
Batting: LHB Stephen DeMatties
|
0-0: Called Strike 0-1: Ground out 4-3 (Groundball, 4, EV 81.9 MPH)
|
| Bottom of the 6th over - 0 runs, 0 hits, 0 errors, 0 left on base; Winston-Salem 2 - Greensboro 5 |
| TOP OF THE 7TH |
|
Winston-Salem Spirits batting - Pitching for Greensboro Hornets : RHP Octavio Avila
|
|
Batting: RHB Craig Walck
|
0-0: Ball 1-0: Ball 2-0: Ball 3-0: Called Strike 3-1: Base on Balls
|
|
Batting: RHB Angelo Ross
|
0-0: Fielders Choice at 2nd, 4-6 (Groundball, 4M, EV 89.4 MPH)
|
|
Batting: RHB Christopher Hudson
|
0-0: Ball 1-0: Called Strike Angelo Ross steals 2nd base (no throw) 1-1: Foul Ball, location: 2F 1-2: Ball 2-2: Ball 3-2: Foul Ball, location: 2F 3-2: Strikes out looking
|
|
Batting: RHB Guadalupe Garcia
|
0-0: Fly out, F2 (Popup, 3SF, EV 84.4 MPH)
|
| Top of the 7th over - 0 runs, 0 hits, 0 errors, 1 left on base; Winston-Salem 2 - Greensboro 5 |
| BOTTOM OF THE 7TH |
|
Greensboro Hornets batting - Pitching for Winston-Salem Spirits : LHP Michael Yesenchak
|
|
Batting: RHB Lindon Duncan
|
0-0: Called Strike 0-1: Ball 1-1: SINGLE (Groundball, 5S, EV 68.1 MPH) (infield hit)
|
|
Batting: RHB Jim Bishop
|
0-0: Ball 1-0: Foul Ball, location: 2F 1-1: Ball 2-1: Fielders Choice at 2nd, 4-6 (Groundball, 34, EV 90.6 MPH)
|
|
Batting: RHB John Lohse
|
0-0: Grounds into double play, 4-6-3 (Groundball, 4, EV 88.1 MPH)
|
| Bottom of the 7th over - 0 runs, 1 hit, 0 errors, 0 left on base; Winston-Salem 2 - Greensboro 5 |
| TOP OF THE 8TH |
|
Winston-Salem Spirits batting - Pitching for Greensboro Hornets : RHP Octavio Avila
|
|
Batting: RHB Carlos Rios
|
0-0: Ball 1-0: Ball 2-0: Called Strike 2-1: Foul Ball, location: 2F 2-2: Reached on error, E5 (Groundball, 56, EV 80.0 MPH)
|
|
Batting: RHB Chuckie Canady
|
0-0: Called Strike 0-1: Called Strike 0-2: Ball 1-2: DOUBLE (Line Drive, 78D, EV 101.9 MPH) Carlos Rios to third
|
|
Batting: RHB William Lockwood
|
0-0: Fly out, F8 (Flyball, 8LD, EV 97.5 MPH) Runner from 3rd tags up, OUT at HOME! 8-2 Chuckie Canady to third
|
|
Batting: RHB Jeffrey Smith
|
0-0: Ball 1-0: Ball 2-0: Foul Ball, location: 2F 2-1: Called Strike 2-2: Foul Ball, location: 2F 2-2: Ground out 5-3 (Groundball, 5S, EV 76.3 MPH)
|
| Top of the 8th over - 0 runs, 1 hit, 1 error, 1 left on base; Winston-Salem 2 - Greensboro 5 |
| BOTTOM OF THE 8TH |
|
Greensboro Hornets batting - Pitching for Winston-Salem Spirits : LHP Michael Yesenchak
|
|
Batting: RHB Jay Greb
|
0-0: Called Strike 0-1: Swinging Strike 0-2: Fly out, F6 (Line Drive, 6, EV 72.5 MPH)
|
|
Batting: RHB Douglas Foster
|
0-0: Ball 1-0: SINGLE (Line Drive, 56D, EV 106.3 MPH)
|
|
Batting: RHB Johnny Evans
|
0-0: Swinging Strike 0-1: Swinging Strike 0-2: Foul Ball, location: 2F 0-2: Ball 1-2: Strikes out swinging
|
|
Batting: RHB Joe Citari
|
0-0: Ball 1-0: Ball 2-0: Ball 3-0: Base on Balls Douglas Foster to second
|
|
Pitching: RHP Rusty Shelton
|
|
|
Batting: LHB John Hughes
|
0-0: Ball 1-0: Ball 2-0: Called Strike 2-1: Ball 3-1: Called Strike 3-2: Base on Balls Douglas Foster to third Joe Citari to second
|
|
Batting: LHB Stephen DeMatties
|
0-0: Called Strike 0-1: Fly out, F8 (Flyball, 8LM, EV 97.5 MPH)
|
| Bottom of the 8th over - 0 runs, 1 hit, 0 errors, 3 left on base; Winston-Salem 2 - Greensboro 5 |
| TOP OF THE 9TH |
|
Winston-Salem Spirits batting - Pitching for Greensboro Hornets : RHP Octavio Avila
|
|
Batting: SHB Danny Torres
|
0-0: Ball 1-0: Foul Ball, location: 2F 1-1: SOLO HOME RUN (Flyball, 9LD, EV 86.3 MPH), Distance : 368 ft
|
|
Pitching: LHP Mel Estrada
|
|
|
Batting: RHB Craig Walck
|
0-0: Ball 1-0: Foul Ball, location: 2F 1-1: Called Strike 1-2: Foul Ball, location: 2F 1-2: Foul Ball, location: 2F 1-2: Ball 2-2: Fly out, F6 (Flyball, 6D, EV 92.5 MPH)
|
|
Batting: RHB Angelo Ross
|
0-0: Called Strike 0-1: Ball 1-1: Called Strike 1-2: Ball 2-2: Ball 3-2: Foul Ball, location: 2F 3-2: Ground out 4-3 (Groundball, 4, EV 78.1 MPH)
|
|
Batting: RHB Christopher Hudson
|
0-0: Ball 1-0: Ball 2-0: DOUBLE (Groundball, 3L, EV 98.8 MPH)
|
|
Batting: RHB Guadalupe Garcia
|
0-0: Foul Ball, location: 2F 0-1: Ball 1-1: Foul Ball, location: 2F 1-2: Ball 2-2: Foul Ball, location: 2F 2-2: Ball 3-2: Base on Balls
|
|
Batting: RHB Carlos Rios
|
0-0: Ball 1-0: Fielders Choice at 2nd, U6 (Groundball, 6M, EV 103.1 MPH)
|
| Top of the 9th over - 1 run, 2 hits, 0 errors, 2 left on base; Winston-Salem 3 - Greensboro 5 |
|